MLB
ST. LOUIS CARDINALS @ PITTSBURGH PIRATES
03/26/2068
 
TOP OF THE 1ST
St. Louis Cardinals batting - Pitching for Pittsburgh Pirates : RHP Pat Napier
Pitching: RHP Pat Napier
Batting: RHB Brayden Roberts 0-0: Fly out, F4 (Popup, 34S, EV 80.6 MPH)
Batting: LHB Chris Mendoza 0-0: Ball
1-0: Ball
2-0: Foul Ball, location: 2F
2-1: Called Strike
2-2: Ball
3-2: Fly out, F8 (Flyball, 89D, EV 91.2 MPH)
Batting: RHB Rob Simmons 0-0: Ball
1-0: Ground out 1-3 (Groundball, 15S, EV 68.1 MPH)
Top of the 1st over - 0 runs, 0 hits, 0 errors, 0 left on base; St. Louis 0 - Pittsburgh 0
BOTTOM OF THE 1ST
Pittsburgh Pirates batting - Pitching for St. Louis Cardinals : LHP Dave Dinger
Pitching: LHP Dave Dinger
Batting: RHB Ricardo Pujols 0-0: Bunt for hit to 13S - play at first, batter OUT! 1-3
Batting: SHB Danny Santiago 0-0: Called Strike
0-1: Ball
1-1: Swinging Strike
1-2: Fly out, F9 (Flyball, 9LM, EV 85.6 MPH)
Batting: LHB Sean Whitacre 0-0: Foul Ball, location: 2F
0-1: Foul Ball, location: 2F
0-2: Foul Ball, location: 2F
0-2: Ball
1-2: Fly out, F9 (Flyball, 89M, EV 88.1 MPH)
Bottom of the 1st over - 0 runs, 0 hits, 0 errors, 0 left on base; St. Louis 0 - Pittsburgh 0
TOP OF THE 2ND
St. Louis Cardinals batting - Pitching for Pittsburgh Pirates : RHP Pat Napier
Batting: RHB Mario Hernandez 0-0: Fly out, F8 (Line Drive, 8LD, EV 91.9 MPH)
Batting: RHB Scott York 0-0: Called Strike
0-1: Foul Ball, location: 2F
0-2: Foul Ball, location: 2F
0-2: Ball
1-2: Ball
2-2: Ball
3-2: Strikes out swinging
Batting: LHB Rich Van Ness 0-0: Foul Ball, location: 2F
0-1: Foul Ball, location: 2F
0-2: Ball
1-2: Ground out 4-3 (Groundball, 4, EV 87.5 MPH)
Top of the 2nd over - 0 runs, 0 hits, 0 errors, 0 left on base; St. Louis 0 - Pittsburgh 0
BOTTOM OF THE 2ND
Pittsburgh Pirates batting - Pitching for St. Louis Cardinals : LHP Dave Dinger
Batting: RHB Frank Goerig 0-0: Called Strike
0-1: Swinging Strike
0-2: Fly out, F9 (Flyball, 9D, EV 100.6 MPH)
Batting: RHB Brian Gonzales 0-0: Called Strike
0-1: Ball
1-1: Ball
2-1: Ball
3-1: Foul Ball, location: 2F
3-2: Strikes out looking
Batting: LHB Chris Tittle 0-0: Ball
1-0: Fly out, F7 (Line Drive, 7, EV 86.9 MPH)
Bottom of the 2nd over - 0 runs, 0 hits, 0 errors, 0 left on base; St. Louis 0 - Pittsburgh 0
TOP OF THE 3RD
St. Louis Cardinals batting - Pitching for Pittsburgh Pirates : RHP Pat Napier
Batting: LHB Jon Morales 0-0: Called Strike
0-1: Ball
1-1: Ball
2-1: Ball
3-1: Swinging Strike
3-2: Base on Balls
Batting: SHB Danny Harper 0-0: Ball
1-0: Sac Bunt to 25 - play at first, batter safe!
Jon Morales to second
Batting: RHB Henry Fernandez 0-0: Ball
1-0: Ball
2-0: Sac Bunt to 5S - play at first, batter OUT! 5-4
Jon Morales to third
Danny Harper to second
Batting: RHB Brayden Roberts 0-0: Ball
1-0: Ball
2-0: Ball
3-0: Called Strike
3-1: Foul Ball, location: 2F
3-2: Strikes out swinging
Batting: LHB Chris Mendoza 0-0: SINGLE (Line Drive, 7S, EV 103.8 MPH)
Jon Morales scores
Danny Harper to third
Runner from 3rd tries for Home, SAFE, throw by LF to home
Batting: RHB Rob Simmons 0-0: Called Strike
Chris Mendoza steals 2nd base
0-1: Ball
1-1: Foul Ball, location: 2F
1-2: SINGLE (Groundball, 6S, EV 66.9 MPH) (infield hit)
Chris Mendoza to third
Batting: RHB Mario Hernandez 0-0: Ball
1-0: DOUBLE (Line Drive, 7LS, EV 92.5 MPH)
Chris Mendoza scores
Rob Simmons to third
Runner from 3rd tries for Home, SAFE, no throw by LF
Batting: RHB Scott York 0-0: Called Strike
0-1: Foul Ball, location: 2F
0-2: Ball
1-2: Strikes out swinging
Top of the 3rd over - 4 runs, 4 hits, 0 errors, 1 left on base; St. Louis 4 - Pittsburgh 0
BOTTOM OF THE 3RD
Pittsburgh Pirates batting - Pitching for St. Louis Cardinals : LHP Dave Dinger
Batting: LHB Miguel Ontiveros 0-0: Swinging Strike
0-1: Ball
1-1: Foul Ball, location: 2F
1-2: Ball
2-2: Ball
3-2: Foul Ball, location: 2F
3-2: Base on Balls
Batting: SHB German Granados 0-0: Called Strike
0-1: Foul Ball, location: 2F
0-2: Strikes out swinging
Batting: LHB Ruben Solis 0-0: Called Strike
0-1: Ball
1-1: Foul Ball, location: 2F
1-2: Ball
2-2: Strikes out swinging
Batting: RHB Ricardo Pujols Pickoff Throw to First - Error! E1
Miguel Ontiveros to second
0-0: Called Strike
0-1: Ball
1-1: Ground out 5-3 (Groundball, 56, EV 85.6 MPH)
Bottom of the 3rd over - 0 runs, 0 hits, 1 error, 1 left on base; St. Louis 4 - Pittsburgh 0
TOP OF THE 4TH
St. Louis Cardinals batting - Pitching for Pittsburgh Pirates : RHP Pat Napier
Batting: LHB Rich Van Ness 0-0: Called Strike
0-1: SINGLE (Groundball, 56D, EV 105.0 MPH)
Batting: LHB Jon Morales 0-0: Sac Bunt to P - play at first, batter OUT! 1-3
Rich Van Ness to second
Batting: SHB Danny Harper 0-0: Fly out, F7 (Flyball, 78D, EV 103.8 MPH)
Batting: RHB Henry Fernandez 0-0: SINGLE (Groundball, 34D, EV 110.0 MPH)
Rich Van Ness to third
Runner from 3rd tries for Home, SAFE, throw by RF to home
Pitching: RHP Mike Seidel
Batting: RHB Brayden Roberts 0-0: Called Strike
0-1: Ball
1-1: 2-RUN HOME RUN (Line Drive, 9D, EV 98.8 MPH), Distance : 395 ft
Batting: LHB Chris Mendoza 0-0: Ball
1-0: Swinging Strike
1-1: SOLO HOME RUN (Flyball, 9LD, EV 92.5 MPH), Distance : 348 ft
Batting: RHB Rob Simmons 0-0: Swinging Strike
0-1: Ball
1-1: Ball
2-1: Foul Ball, location: 2F
2-2: Ball
3-2: Fly out, F9 (Flyball, 89S, EV 90.0 MPH)
Top of the 4th over - 4 runs, 4 hits, 0 errors, 0 left on base; St. Louis 8 - Pittsburgh 0
BOTTOM OF THE 4TH
Pittsburgh Pirates batting - Pitching for St. Louis Cardinals : LHP Dave Dinger
Now at 3B: Jason Terman
Batting: SHB Danny Santiago 0-0: Ball
1-0: Foul Ball, location: 2F
1-1: Foul Ball, location: 2F
1-2: Ball
2-2: SINGLE (Line Drive, 9LS, EV 101.9 MPH)
Batting: LHB Sean Whitacre 0-0: Foul Ball, location: 2F
0-1: Called Strike
0-2: Ball
1-2: Ball
2-2: Ball
3-2: Strikes out swinging
Danny Santiago steals 2nd base (no throw)
Batter strikes out.
Batting: RHB Frank Goerig 0-0: Ball
1-0: Foul Ball, location: 2F
1-1: Ball
2-1: 2-RUN HOME RUN (Flyball, 9D, EV 100.6 MPH), Distance : 377 ft
Batting: RHB Brian Gonzales 0-0: Called Strike
0-1: Ball
1-1: Ball
2-1: Foul Ball, location: 2F
2-2: Strikes out looking
Batting: LHB Chris Tittle 0-0: Called Strike
0-1: Ball
1-1: SINGLE (Line Drive, 34, EV 96.2 MPH)
Batting: LHB Miguel Ontiveros 0-0: Ball
1-0: Foul Ball, location: 2F
1-1: Foul Ball, location: 2F
1-2: Fly out, F8 (Flyball, 78D, EV 87.5 MPH)
Bottom of the 4th over - 2 runs, 3 hits, 0 errors, 1 left on base; St. Louis 8 - Pittsburgh 2
TOP OF THE 5TH
St. Louis Cardinals batting - Pitching for Pittsburgh Pirates : RHP Mike Seidel
Batting: RHB Mario Hernandez 0-0: Ball
1-0: Ball
2-0: Called Strike
2-1: Foul Ball, location: 2F
2-2: Ball
3-2: Base on Balls
Batting: RHB Scott York 0-0: Ball
1-0: Called Strike
1-1: Foul Ball, location: 2F
1-2: Strikes out swinging
Batting: RHB Jason Terman 0-0: Called Strike
Mario Hernandez is caught stealing 2nd base 2-4
0-1: Called Strike
0-2: Ball
1-2: Ball
2-2: SINGLE (Groundball, 4MD, EV 95.0 MPH)
Batting: LHB Jon Morales 0-0: Ball
1-0: SINGLE (Line Drive, 8RS, EV 95.0 MPH)
Jason Terman to second
Batting: SHB Danny Harper 0-0: Called Strike
0-1: Foul Ball, location: 2F
0-2: Foul Ball, location: 2F
0-2: SINGLE (Line Drive, 78S, EV 94.4 MPH)
Jason Terman to third
Jon Morales to second
Runner from 3rd tries for Home, SAFE, throw by LF to home
Batting: RHB Henry Fernandez 0-0: Swinging Strike
0-1: Foul Ball, location: 2F
0-2: Ball
1-2: Strikes out looking
Top of the 5th over - 1 run, 3 hits, 0 errors, 2 left on base; St. Louis 9 - Pittsburgh 2
BOTTOM OF THE 5TH
Pittsburgh Pirates batting - Pitching for St. Louis Cardinals : LHP Dave Dinger
Pitching: RHP Paul Hatch
Batting: SHB German Granados 0-0: Ball
1-0: Ball
2-0: Called Strike
2-1: Ball
3-1: Fly out, F8 (Flyball, 8LD, EV 96.2 MPH)
Batting: LHB Ruben Solis 0-0: Ball
1-0: DOUBLE (Line Drive, 7LS, EV 94.4 MPH)
Batting: RHB Ricardo Pujols 0-0: Ball
1-0: Ball
2-0: Ball
3-0: Called Strike
3-1: Foul Ball, location: 2F
3-2: Foul Ball, location: 2F
3-2: Base on Balls
Batting: SHB Danny Santiago 0-0: Ball
1-0: Fly out, F8 (Flyball, 89M, EV 91.2 MPH)
Batting: LHB Sean Whitacre 0-0: Ground out U3 (Groundball, 3, EV 100.6 MPH)
Bottom of the 5th over - 0 runs, 1 hit, 0 errors, 2 left on base; St. Louis 9 - Pittsburgh 2
TOP OF THE 6TH
St. Louis Cardinals batting - Pitching for Pittsburgh Pirates : RHP Mike Seidel
Pinch Hitting: LHB Brice Mary 0-0: Ball
1-0: Called Strike
1-1: Ball
2-1: Called Strike
2-2: Strikes out swinging
Pinch Hitting: LHB David Garza 0-0: Ball
1-0: Ball
2-0: Swinging Strike
2-1: Foul Ball, location: 2F
2-2: Foul Ball, location: 2F
2-2: Foul Ball, location: 2F
2-2: Foul Ball, location: 2F
2-2: Ball
3-2: Ground out U3 (Groundball, 3S, EV 70.0 MPH)
Pinch Hitting: LHB Steve Tomczak 0-0: Ball
1-0: Foul Ball, location: 2F
1-1: Foul Ball, location: 2F
1-2: Ball
2-2: Strikes out swinging
Top of the 6th over - 0 runs, 0 hits, 0 errors, 0 left on base; St. Louis 9 - Pittsburgh 2
BOTTOM OF THE 6TH
Pittsburgh Pirates batting - Pitching for St. Louis Cardinals : RHP Paul Hatch
Now at 2B: Steve Tomczak
Now in LF: David Garza
Now in RF: Brice Mary
Batting: RHB Frank Goerig 0-0: Called Strike
0-1: Ball
1-1: Ground out 6-3 (Groundball, 6, EV 93.1 MPH)
Batting: RHB Brian Gonzales 0-0: Reached on error, E6 (Groundball, 6, EV 109.4 MPH)
Batting: LHB Chris Tittle 0-0: Ball
1-0: Called Strike
1-1: Foul Ball, location: 2F
1-2: Ball
2-2: SINGLE (Flyball, 34D, EV 89.4 MPH)
Brian Gonzales to second
Batting: LHB Miguel Ontiveros 0-0: Ball
1-0: Fielders Choice at 2nd, 1-6 (Groundball, 23, EV 63.8 MPH)
Brian Gonzales to third
Batting: SHB German Granados 0-0: Swinging Strike
0-1: Ball
1-1: Ball
2-1: Called Strike
2-2: Ball
3-2: Fly out, F8 (Flyball, 78D, EV 103.1 MPH)
Bottom of the 6th over - 0 runs, 1 hit, 1 error, 2 left on base; St. Louis 9 - Pittsburgh 2
TOP OF THE 7TH
St. Louis Cardinals batting - Pitching for Pittsburgh Pirates : RHP Mike Seidel
Pinch Hitting: RHB Phil Wallace 0-0: Ball
1-0: Foul Ball, location: 2F
1-1: Ball
2-1: Foul Ball, location: 2F
2-2: Strikes out swinging
Batting: RHB Scott York 0-0: Ground out U3 (Groundball, 13, EV 86.9 MPH)
Batting: RHB Jason Terman 0-0: Ball
1-0: Called Strike
1-1: Foul Ball, location: 2F
1-2: Foul Ball, location: 2F
1-2: Ball
2-2: Foul Ball, location: 2F
2-2: Ball
3-2: Ground out 5-3 (Groundball, 5, EV 80.0 MPH)
Top of the 7th over - 0 runs, 0 hits, 0 errors, 0 left on base; St. Louis 9 - Pittsburgh 2
BOTTOM OF THE 7TH
Pittsburgh Pirates batting - Pitching for St. Louis Cardinals : RHP Paul Hatch
Now in CF: Phil Wallace
Batting: LHB Ruben Solis 0-0: Ball
1-0: Ground out 6-3 (Groundball, 6, EV 93.1 MPH)
Pinch Hitting: RHB Jared Charest 0-0: Ball
1-0: Fly out, F9 (Flyball, 89XD, EV 97.5 MPH)
Pinch Hitting: SHB Eric Greer 0-0: Ground out U3 (Groundball, 3, EV 83.1 MPH)
Bottom of the 7th over - 0 runs, 0 hits, 0 errors, 0 left on base; St. Louis 9 - Pittsburgh 2
TOP OF THE 8TH
St. Louis Cardinals batting - Pitching for Pittsburgh Pirates : RHP Mike Seidel
Pitching: LHP Brian Oxford
Now at 2B: Eric Greer
Now at SS: Jared Charest
Pinch Hitting: RHB Dario Carrero 0-0: Called Strike
0-1: Swinging Strike
0-2: DOUBLE (Line Drive, 9LD, EV 105.0 MPH)
Batting: RHB Lupe Duran 0-0: Ball
1-0: Swinging Strike
1-1: DOUBLE (Line Drive, 89M, EV 111.9 MPH)
Dario Carrero scores
Batting: RHB Henry Fernandez 0-0: Called Strike
0-1: Foul Ball, location: 2F
0-2: Ball
1-2: Fly out, F2 (Popup, 23F, EV 84.4 MPH)
Batting: LHB Brice Mary 0-0: Called Strike
0-1: Foul Ball, location: 2F
0-2: Ball
1-2: Strikes out swinging
Batting: LHB David Garza 0-0: Ball
1-0: Ball
2-0: Ground out 1-3 (Groundball, P, EV 71.9 MPH)
Top of the 8th over - 1 run, 2 hits, 0 errors, 1 left on base; St. Louis 10 - Pittsburgh 2
BOTTOM OF THE 8TH
Pittsburgh Pirates batting - Pitching for St. Louis Cardinals : RHP Paul Hatch
Now at 1B: Dario Carrero
Batting: LHB Sean Whitacre 0-0: Ball
1-0: Ball
2-0: Swinging Strike
2-1: Ball
3-1: Foul Ball, location: 2F
3-2: Foul Ball, location: 2F
3-2: Base on Balls
Pitching: RHP Armando Rodriguez
Batting: RHB Frank Goerig 0-0: Called Strike
0-1: Ball
1-1: Foul Ball, location: 2F
1-2: Grounds into double play, 6-4-3 (Groundball, 6, EV 91.2 MPH)
Batting: LHB Josh Wells 0-0: Fly out, F8 (Flyball, 8LD, EV 99.4 MPH)
Bottom of the 8th over - 0 runs, 0 hits, 0 errors, 0 left on base; St. Louis 10 - Pittsburgh 2
TOP OF THE 9TH
St. Louis Cardinals batting - Pitching for Pittsburgh Pirates : LHP Brian Oxford
Batting: LHB Steve Tomczak 0-0: Ball
1-0: Foul Ball, location: 2F
1-1: Ball
2-1: SINGLE (Line Drive, 56D, EV 94.4 MPH)
Batting: RHB Phil Wallace 0-0: Swinging Strike
0-1: Called Strike
0-2: Foul Ball, location: 2F
0-2: Fielders Choice at 2nd, 6-4 (Groundball, 6, EV 82.5 MPH)
Pinch Hitting: LHB Dennis Myers 0-0: Foul Ball, location: 2F
0-1: Grounds into double play, 6-4-3 (Groundball, 6, EV 77.5 MPH)
Top of the 9th over - 0 runs, 1 hit, 0 errors, 0 left on base; St. Louis 10 - Pittsburgh 2
BOTTOM OF THE 9TH
Pittsburgh Pirates batting - Pitching for St. Louis Cardinals : RHP Armando Rodriguez
Now at C: Dennis Myers
Pinch Hitting: LHB Jeff McCommons 0-0: Called Strike
0-1: Foul Ball, location: 2F
0-2: Ball
1-2: Hit by Pitch
Pinch Hitting: LHB Nick Simmons 0-0: Called Strike
0-1: Fly out, F7 (Flyball, 7LS, EV 91.2 MPH)
Pinch Hitting: LHB Tony Nieves 0-0: Called Strike
0-1: Ball
1-1: Foul Ball, location: 2F
1-2: Strikes out swinging
Pinch Hitting: RHB Dave Meza 0-0: Ball
1-0: Ball
2-0: Called Strike
2-1: Swinging Strike
2-2: Fly out, F7 (Flyball, 78M, EV 87.5 MPH)
Bottom of the 9th over - 0 runs, 0 hits, 0 errors, 1 left on base; St. Louis 10 - Pittsburgh 2
Sunday, June 6th , 2021 - OOTP Baseball 22.5 Build 54